| TOP OF THE 1ST |
|
State College Spikes batting - Pitching for Auburn Doubledays : RHP Travis Hardin
|
|
Pitching: RHP Travis Hardin
|
|
|
Batting: LHB Robert Rauda
|
0-0: Called Strike 0-1: Ball 1-1: Called Strike 1-2: Ball 2-2: Strikes out swinging
|
|
Batting: RHB Mike Zimmerly
|
0-0: Called Strike 0-1: Ball 1-1: Fly out, F3 (Line Drive, 3, EV 64.4 MPH)
|
|
Batting: LHB Jayden Thomas
|
0-0: Ball 1-0: Ball 2-0: Ball 3-0: Base on Balls
|
|
Batting: RHB Mark Cahill
|
0-0: Called Strike 0-1: Ball 1-1: Ball 2-1: Called Strike 2-2: Strikes out swinging
|
| Top of the 1st over - 0 runs, 0 hits, 0 errors, 1 left on base; State College 0 - Auburn 0 |
| BOTTOM OF THE 1ST |
|
Auburn Doubledays batting - Pitching for State College Spikes : LHP Tsugunosuke Murakami
|
|
Pitching: LHP Tsugunosuke Murakami
|
|
|
Batting: SHB Dan Castaneda
|
0-0: Called Strike 0-1: Called Strike 0-2: DOUBLE (Flyball, 7LD, EV 108.8 MPH)
|
|
Batting: RHB Ryan Hiemer
|
0-0: Called Strike 0-1: Called Strike 0-2: Foul Ball, location: 2F 0-2: Ball 1-2: Ball 2-2: Ball 3-2: Foul Ball, location: 2F 3-2: Foul Ball, location: 2F 3-2: Base on Balls
|
|
Batting: LHB John Luke
|
0-0: Ball 1-0: Foul Ball, location: 2F 1-1: Ball Passed Ball! Dan Castaneda to third Ryan Hiemer to second 2-1: Ball 3-1: Base on Balls
|
|
Batting: SHB Gabe Fraunfelder
|
0-0: Foul Ball, location: 2F 0-1: Ball 1-1: Ball 2-1: Ball 3-1: Swinging Strike 3-2: Base on Balls Dan Castaneda scores Ryan Hiemer to third John Luke to second
|
|
Batting: RHB Slavik Nebrodov
|
0-0: Foul Ball, location: 2F 0-1: SINGLE (Groundball, 6D, EV 100.6 MPH) Ryan Hiemer scores John Luke to third Gabe Fraunfelder to second
|
|
Batting: LHB Elias Posada
|
0-0: Called Strike 0-1: Foul Ball, location: 2F 0-2: Foul Ball, location: 2F Balk! John Luke scores Gabe Fraunfelder to third Slavik Nebrodov to second 0-2: Foul Ball, location: 2F 0-2: Foul Ball, location: 2F 0-2: Ball 1-2: Ball 2-2: Ball Wild Pitch! Gabe Fraunfelder scores Slavik Nebrodov to third 3-2: Ground out U3 (Groundball, 34S, EV 82.5 MPH) Slavik Nebrodov scores
|
|
Batting: RHB Travis Stanley
|
0-0: Ball 1-0: Ball 2-0: Called Strike 2-1: Foul Ball, location: 2F 2-2: Foul Ball, location: 2F 2-2: Strikes out looking
|
|
Batting: SHB Alex Medina
|
0-0: Called Strike 0-1: Ball 1-1: Ball 2-1: SINGLE (Groundball, 56D, EV 104.4 MPH)
|
|
Batting: RHB Isaiah Seme
|
0-0: Ball 1-0: Ground out U3 (Groundball, 3L, EV 85.6 MPH)
|
| Bottom of the 1st over - 5 runs, 3 hits, 0 errors, 1 left on base; State College 0 - Auburn 5 |
| TOP OF THE 2ND |
|
State College Spikes batting - Pitching for Auburn Doubledays : RHP Travis Hardin
|
|
Batting: RHB Immel Kamuzu
|
0-0: Ball 1-0: Ball 2-0: Ground out 5-3 (Groundball, 56, EV 100.0 MPH)
|
|
Batting: RHB Francisco Vargas
|
0-0: Ball 1-0: Called Strike 1-1: Ball 2-1: Called Strike 2-2: Strikes out looking
|
|
Batting: LHB Adam Eisen
|
0-0: Ball 1-0: Ball 2-0: Ball 3-0: Called Strike 3-1: Base on Balls
|
|
Batting: SHB Hank Arias
|
0-0: Called Strike Adam Eisen steals 2nd base 0-1: Ball 1-1: Ball 2-1: Foul Ball, location: 2F 2-2: Foul Ball, location: 2F 2-2: Foul Ball, location: 2F 2-2: Foul Ball, location: 2F 2-2: Ball 3-2: Fly out, F8 (Flyball, 8LS, EV 76.9 MPH)
|
| Top of the 2nd over - 0 runs, 0 hits, 0 errors, 1 left on base; State College 0 - Auburn 5 |
| BOTTOM OF THE 2ND |
|
Auburn Doubledays batting - Pitching for State College Spikes : LHP Tsugunosuke Murakami
|
|
Batting: SHB Dan Castaneda
|
0-0: Foul Ball, location: 2F 0-1: Hit by Pitch
|
|
Batting: RHB Ryan Hiemer
|
0-0: Called Strike Dan Castaneda steals 2nd base (no throw) 0-1: Called Strike 0-2: Ball 1-2: Foul Ball, location: 2F 1-2: Ball 2-2: SINGLE (Line Drive, 7S, EV 101.9 MPH) Dan Castaneda to third Runner from 3rd tries for Home, SAFE, throw by LF to home
|
|
Pitching: RHP Quinn Grantham
|
|
|
Batting: LHB John Luke
|
0-0: Swinging Strike 0-1: Swinging Strike 0-2: Ball 1-2: Strikes out swinging
|
|
Batting: SHB Gabe Fraunfelder
|
0-0: Foul Ball, location: 2F 0-1: Ball 1-1: Ball 2-1: Fielders Choice at 2nd, 3-6 (Groundball, 3, EV 85.0 MPH)
|
|
Batting: RHB Slavik Nebrodov
|
0-0: Ball Gabe Fraunfelder is caught stealing 2nd base 2-4
|
| Bottom of the 2nd over - 1 run, 1 hit, 0 errors, 0 left on base; State College 0 - Auburn 6 |
| TOP OF THE 3RD |
|
State College Spikes batting - Pitching for Auburn Doubledays : RHP Travis Hardin
|
|
Batting: RHB Ray Souza
|
0-0: Called Strike 0-1: Ball 1-1: Called Strike 1-2: Foul Ball, location: 2F 1-2: Ball 2-2: Ball 3-2: Base on Balls
|
|
Batting: LHB Robert Rauda
|
0-0: Ball 1-0: Swinging Strike 1-1: Ball 2-1: Fielders Choice at 2nd, 4-6 (Groundball, 4, EV 89.4 MPH)
|
|
Batting: RHB Mike Zimmerly
|
0-0: Called Strike 0-1: Swinging Strike 0-2: Ball Robert Rauda steals 2nd base (no throw) 1-2: Single, Error in OF, E7, batter to second base (Line Drive, 5D, EV 98.1 MPH) Robert Rauda scores
|
|
Batting: LHB Jayden Thomas
|
0-0: Called Strike 0-1: SINGLE (Groundball, 56D, EV 103.1 MPH) Mike Zimmerly to third
|
|
Batting: RHB Mark Cahill
|
0-0: Called Strike 0-1: Ball 1-1: Ball 2-1: Grounds into double play, 6-4-3 (Groundball, 56, EV 88.1 MPH)
|
| Top of the 3rd over - 1 run, 2 hits, 1 error, 1 left on base; State College 1 - Auburn 6 |
| BOTTOM OF THE 3RD |
|
Auburn Doubledays batting - Pitching for State College Spikes : RHP Quinn Grantham
|
|
Batting: RHB Slavik Nebrodov
|
0-0: Called Strike 0-1: Foul Ball, location: 2F 0-2: Ball 1-2: Foul Ball, location: 2F 1-2: Ball 2-2: Fly out, F6 (Line Drive, 6, EV 64.4 MPH)
|
|
Batting: LHB Elias Posada
|
0-0: Ball 1-0: Called Strike 1-1: Ball 2-1: Foul Ball, location: 2F 2-2: Foul Ball, location: 2F 2-2: Strikes out swinging
|
|
Batting: RHB Travis Stanley
|
0-0: Ball 1-0: Swinging Strike 1-1: Swinging Strike 1-2: Fly out, F8 (Flyball, 8LXD, EV 78.8 MPH)
|
| Bottom of the 3rd over - 0 runs, 0 hits, 0 errors, 0 left on base; State College 1 - Auburn 6 |
| TOP OF THE 4TH |
|
State College Spikes batting - Pitching for Auburn Doubledays : RHP Travis Hardin
|
|
Batting: RHB Immel Kamuzu
|
0-0: Called Strike 0-1: Foul Ball, location: 2F 0-2: Ball 1-2: SINGLE (Groundball, 6MD, EV 100.0 MPH)
|
|
Batting: RHB Francisco Vargas
|
0-0: Fly out, F3 (Popup, 34S, EV 73.8 MPH)
|
|
Batting: LHB Adam Eisen
|
0-0: Ball 1-0: Called Strike Immel Kamuzu steals 2nd base 1-1: Ball 2-1: Fly out, F7 (Flyball, 7LS, EV 74.4 MPH)
|
|
Batting: SHB Hank Arias
|
0-0: Called Strike 0-1: Ball 1-1: Ball 2-1: Swinging Strike 2-2: Strikes out looking
|
| Top of the 4th over - 0 runs, 1 hit, 0 errors, 1 left on base; State College 1 - Auburn 6 |
| BOTTOM OF THE 4TH |
|
Auburn Doubledays batting - Pitching for State College Spikes : RHP Quinn Grantham
|
|
Batting: SHB Alex Medina
|
0-0: Ball 1-0: Called Strike 1-1: SINGLE (Groundball, 6, EV 94.4 MPH)
|
|
Batting: RHB Isaiah Seme
|
0-0: Fly out, F8 (Flyball, 8LM, EV 86.9 MPH)
|
|
Batting: SHB Dan Castaneda
|
0-0: Called Strike 0-1: Swinging Strike 0-2: Foul Ball, location: 2F 0-2: Ball 1-2: Ball 2-2: Ball 3-2: Foul Ball, location: 2F 3-2: SINGLE (Groundball, 4, EV 96.9 MPH) Alex Medina to second Runner from 2nd tries for 3rd, SAFE, throw by RF made to third Dan Castaneda to second
|
|
Batting: RHB Ryan Hiemer
|
0-0: Called Strike 0-1: SINGLE (Groundball, 6MD, EV 104.4 MPH) Alex Medina scores Dan Castaneda to third Runner from 3rd tries for Home, SAFE, throw by CF to home
|
|
Batting: LHB John Luke
|
0-0: Ball 1-0: Foul Ball, location: 2F 1-1: Swinging Strike 1-2: Strikes out looking
|
|
Batting: SHB Gabe Fraunfelder
|
0-0: Ball 1-0: Ball 2-0: Called Strike 2-1: Foul Ball, location: 2F 2-2: Strikes out swinging
|
| Bottom of the 4th over - 2 runs, 3 hits, 0 errors, 1 left on base; State College 1 - Auburn 8 |
| TOP OF THE 5TH |
|
State College Spikes batting - Pitching for Auburn Doubledays : RHP Travis Hardin
|
|
Batting: RHB Ray Souza
|
0-0: Ball 1-0: Swinging Strike 1-1: Foul Ball, location: 2F 1-2: Ball 2-2: Ball 3-2: Base on Balls
|
|
Batting: LHB Robert Rauda
|
0-0: Called Strike 0-1: Ball 1-1: Ball 2-1: Fielders Choice at 2nd, 4-6 (Groundball, 4, EV 76.2 MPH)
|
|
Batting: RHB Mike Zimmerly
|
0-0: Ball Robert Rauda steals 2nd base 1-0: Ground out U3 (Groundball, 34, EV 101.2 MPH) Robert Rauda to third
|
|
Batting: LHB Jayden Thomas
|
0-0: Ball 1-0: Ball 2-0: Ball 3-0: Foul Ball, location: 2F 3-1: Called Strike 3-2: Foul Ball, location: 2F 3-2: Strikes out swinging
|
| Top of the 5th over - 0 runs, 0 hits, 0 errors, 1 left on base; State College 1 - Auburn 8 |
| BOTTOM OF THE 5TH |
|
Auburn Doubledays batting - Pitching for State College Spikes : RHP Quinn Grantham
|
|
Batting: RHB Slavik Nebrodov
|
0-0: Ball 1-0: Foul Ball, location: 2F 1-1: Ball 2-1: Foul Ball, location: 2F 2-2: Ball 3-2: Foul Ball, location: 2F 3-2: Strikes out swinging
|
|
Batting: LHB Elias Posada
|
0-0: Ball 1-0: Called Strike 1-1: Ball 2-1: Foul Ball, location: 2F 2-2: Foul Ball, location: 2F 2-2: Foul Ball, location: 2F 2-2: Strikes out swinging
|
|
Batting: RHB Travis Stanley
|
0-0: Ball 1-0: DOUBLE (Line Drive, 7LM, EV 96.9 MPH)
|
|
Batting: SHB Alex Medina
|
0-0: Called Strike 0-1: Swinging Strike 0-2: Ground out 1-3 (Groundball, 13S, EV 70.6 MPH)
|
| Bottom of the 5th over - 0 runs, 1 hit, 0 errors, 1 left on base; State College 1 - Auburn 8 |
| TOP OF THE 6TH |
|
State College Spikes batting - Pitching for Auburn Doubledays : RHP Travis Hardin
|
|
Batting: RHB Mark Cahill
|
0-0: Called Strike 0-1: Foul Ball, location: 2F 0-2: Ball 1-2: Ball 2-2: Ball 3-2: Foul Ball, location: 2F 3-2: Base on Balls
|
|
Batting: RHB Immel Kamuzu
|
0-0: Called Strike Mark Cahill steals 2nd base (no throw) 0-1: Ball 1-1: Ball 2-1: Called Strike 2-2: Ground out 6-3 (Groundball, 6, EV 79.4 MPH) Mark Cahill to third
|
|
Pitching: LHP Ruben de Leon
|
|
|
Batting: RHB Francisco Vargas
|
0-0: Ball 1-0: Ball 2-0: Called Strike 2-1: Ball 3-1: Base on Balls
|
|
Batting: LHB Adam Eisen
|
0-0: Ball Francisco Vargas steals 2nd base (no throw) 1-0: Ball 2-0: Fly out, F8 (Flyball, 89D, EV 101.9 MPH) Runner from 3rd tags up, SCORES, throw by CF Francisco Vargas to third
|
|
Batting: SHB Hank Arias
|
0-0: Fly out, F7 (Line Drive, 7, EV 107.5 MPH)
|
| Top of the 6th over - 1 run, 0 hits, 0 errors, 1 left on base; State College 2 - Auburn 8 |
| BOTTOM OF THE 6TH |
|
Auburn Doubledays batting - Pitching for State College Spikes : RHP Quinn Grantham
|
|
Pitching: LHP Heath Maher
|
|
|
Batting: RHB Isaiah Seme
|
0-0: Ground out 5-3 (Groundball, 5, EV 84.4 MPH)
|
|
Batting: SHB Dan Castaneda
|
0-0: Ball 1-0: Ball 2-0: Ball 3-0: Called Strike 3-1: Base on Balls
|
|
Batting: RHB Ryan Hiemer
|
0-0: Called Strike Dan Castaneda is caught stealing 2nd base 2-4 0-1: Ball 1-1: Swinging Strike 1-2: Ball 2-2: Strikes out swinging
|
| Bottom of the 6th over - 0 runs, 0 hits, 0 errors, 0 left on base; State College 2 - Auburn 8 |
| TOP OF THE 7TH |
|
State College Spikes batting - Pitching for Auburn Doubledays : LHP Ruben de Leon
|
|
Batting: RHB Ray Souza
|
0-0: Ball 1-0: Called Strike 1-1: Ball 2-1: Ball 3-1: Called Strike 3-2: Base on Balls
|
|
Batting: LHB Robert Rauda
|
0-0: Ball 1-0: Ball 2-0: Fielders Choice at 2nd, 4-6 (Groundball, 4M, EV 85.6 MPH)
|
|
Batting: RHB Mike Zimmerly
|
0-0: Ball Robert Rauda steals 2nd base (no throw) 1-0: Ball 2-0: Ball 3-0: Base on Balls
|
|
Batting: LHB Jayden Thomas
|
0-0: Called Strike 0-1: Foul Ball, location: 2F 0-2: Ball 1-2: Fly out, F9 (Flyball, 9LM, EV 94.4 MPH) Runner from 2nd tags up, SAFE at 3rd, no throw by RF
|
|
Batting: RHB Mark Cahill
|
0-0: Called Strike 0-1: Ball 1-1: Ball 2-1: Ball 3-1: Foul Ball, location: 2F 3-2: Strikes out swinging
|
| Top of the 7th over - 0 runs, 0 hits, 0 errors, 2 left on base; State College 2 - Auburn 8 |
| BOTTOM OF THE 7TH |
|
Auburn Doubledays batting - Pitching for State College Spikes : LHP Heath Maher
|
|
Batting: LHB John Luke
|
0-0: Ball 1-0: Fly out, F8 (Flyball, 8RXD, EV 91.9 MPH)
|
|
Batting: SHB Gabe Fraunfelder
|
0-0: Called Strike 0-1: Called Strike 0-2: Ball 1-2: Strikes out swinging
|
|
Batting: RHB Slavik Nebrodov
|
0-0: Called Strike 0-1: Foul Ball, location: 2F 0-2: Ball 1-2: Strikes out swinging
|
| Bottom of the 7th over - 0 runs, 0 hits, 0 errors, 0 left on base; State College 2 - Auburn 8 |
| TOP OF THE 8TH |
|
State College Spikes batting - Pitching for Auburn Doubledays : LHP Ruben de Leon
|
|
Batting: RHB Immel Kamuzu
|
0-0: SINGLE (Groundball, 4MD, EV 97.5 MPH)
|
|
Batting: RHB Francisco Vargas
|
0-0: Swinging Strike 0-1: Ball 1-1: Fielders Choice at 2nd, 5-4 (Groundball, 56, EV 86.2 MPH)
|
|
Batting: LHB Adam Eisen
|
0-0: Called Strike 0-1: Swinging Strike 0-2: Ball 1-2: Ball 2-2: Ball 3-2: Base on Balls Francisco Vargas to second
|
|
Pitching: RHP Chris Doty
|
|
|
Batting: SHB Hank Arias
|
0-0: Foul Ball, location: 2F 0-1: Fly out, F8 (Flyball, 8LD, EV 96.2 MPH) Runner from 2nd tags up, SAFE at 3rd with throw by CF
|
|
Batting: RHB Ray Souza
|
0-0: Foul Ball, location: 2F 0-1: Ball 1-1: Foul Ball, location: 2F 1-2: Ground out 1-3 (Groundball, 13S, EV 69.4 MPH)
|
| Top of the 8th over - 0 runs, 1 hit, 0 errors, 2 left on base; State College 2 - Auburn 8 |
| BOTTOM OF THE 8TH |
|
Auburn Doubledays batting - Pitching for State College Spikes : LHP Heath Maher
|
|
Batting: LHB Elias Posada
|
0-0: Ball 1-0: SINGLE (Flyball, 5D, EV 87.5 MPH)
|
|
Batting: RHB Travis Stanley
|
0-0: Called Strike 0-1: Swinging Strike 0-2: Ball 1-2: Hit by Pitch Elias Posada to second
|
|
Batting: SHB Alex Medina
|
0-0: Ball 1-0: Swinging Strike 1-1: Ball Wild Pitch! Elias Posada to third Travis Stanley to second 2-1: Foul Ball, location: 2F 2-2: Foul Ball, location: 2F 2-2: Foul Ball, location: 2F 2-2: Ball 3-2: Base on Balls
|
|
Batting: RHB Isaiah Seme
|
0-0: Foul Ball, location: 2F 0-1: Ball 1-1: Ball 2-1: Swinging Strike 2-2: Foul Ball, location: 2F 2-2: Strikes out swinging
|
|
Pitching: RHP Dan Hardman
|
|
|
Batting: SHB Dan Castaneda
|
0-0: Ball 1-0: Swinging Strike 1-1: Swinging Strike 1-2: TRIPLE (Flyball, 9D, EV 96.2 MPH) Elias Posada scores Travis Stanley scores Alex Medina scores
|
|
Batting: RHB Ryan Hiemer
|
0-0: Called Strike 0-1: Ball Wild Pitch! Dan Castaneda scores 1-1: Foul Ball, location: 2F 1-2: Ball 2-2: Ball 3-2: Base on Balls
|
|
Pinch Hitting: RHB Bryan Ernst
|
0-0: Ball 1-0: Called Strike 1-1: Grounds into double play, 4-6-3 (Groundball, 4, EV 84.4 MPH)
|
| Bottom of the 8th over - 4 runs, 2 hits, 0 errors, 0 left on base; State College 2 - Auburn 12 |
| TOP OF THE 9TH |
|
State College Spikes batting - Pitching for Auburn Doubledays : RHP Chris Doty
|
|
Now in RF: Bryan Ernst
|
|
|
Batting: LHB Robert Rauda
|
0-0: Called Strike 0-1: Ball 1-1: Called Strike 1-2: Ground out 6-3 (Groundball, 6MS, EV 71.2 MPH)
|
|
Batting: RHB Mike Zimmerly
|
0-0: Ground out 1-3 (Groundball, 13S, EV 70.0 MPH)
|
|
Batting: LHB Jayden Thomas
|
0-0: Called Strike 0-1: Foul Ball, location: 2F 0-2: Ball 1-2: Strikes out swinging
|
| Top of the 9th over - 0 runs, 0 hits, 0 errors, 0 left on base; State College 2 - Auburn 12 |
|